 Dungeon Crawl Stone Soup version 0.31-a0-117-g42d8f58691 (webtiles) character file.

Game seed: 1994356429731760247

76 lunkers the Slasher (level 3, -3/30 HPs)
             Began as a Demigod Fighter on May 30, 2023.
             Slain by a black bear (5 damage)
             ... on level 4 of the Dungeon.
             The game lasted 00:05:21 (1624 turns).

lunkers the Slasher (Demigod Fighter)               Turns: 1624, Time: 00:05:22

Health: -3/30      AC: 11    Str: 17    XL:     3   Next: 89%
Magic:  0/5        EV:  4    Int: 10    God:
Gold:   129        SH:  5    Dex: 17    Spells: 2/2 levels left

rFire   . . .        a - +0 long sword
rCold   . . .        c - +0 buckler
rNeg    . . .        r - +0 plate armour
rPois   .            (no helmet)
rElec   .            (no cloak)
rCorr   .            (no gloves)
SInv    .            (no boots)
Will    .....        n - amulet of guardian spirit Stlth
                     (no ring)
HPRegen 0.25/turn    (no ring)
MPRegen 0.09/turn

%: guardian spirit
@: no status effects
A: high MP 1, forlorn, divine attributes
a: no special abilities


You were on level 4 of the Dungeon.
You visited 1 branch of the dungeon, and saw 4 of its levels.

You collected 129 gold pieces.

Inventory:

Hand Weapons
 a - a +0 long sword (weapon)
Armour
 b - a +0 scale mail
 c - a +0 buckler (worn)
 r - a +0 plate armour (worn)
Jewellery
 h - a ring of fire
 j - an amulet of the acrobat
 n - an amulet of guardian spirit (around neck)
Scrolls
 f - a scroll of enchant weapon {unknown}
 l - a scroll of teleportation {unknown}
 m - a scroll of identify {unknown}
 o - a scroll of fog {unknown}
 q - a scroll of blinking {unknown}
Potions
 d - a potion of might
 e - 5 potions of curing {unknown}
 g - a potion of enlightenment {unknown}
 i - a potion of brilliance {unknown}
 k - 2 potions of lignification {unknown}
 p - a potion of berserk rage {unknown}


   Skills:
 - Level 2.6 Fighting
 + Level 4.0 Long Blades
 - Level 2.6 Armour
 - Level 2.6 Shields


You had 2 spell levels left.
You didn't know any spells.
Your spell library contained the following spells:

 Spells                   Type           Power      Damage    Failure   Level
 Freeze                   Ice            0%         1d3       100%        1
 Lesser Beckoning         Tloc           0%         N/A       100%        2
 Frozen Ramparts          Ice            0%         1d1       100%        3
 Gell's Gravitas          Tloc           0%         N/A       100%        3
 Hailstorm                Conj/Ice       0%         3d3       100%        3
 Ozocubu's Armour         Ice            0%         N/A       100%        3
 Teleport Other           Tloc           0%         N/A       100%        3
 Ozocubu's Refrigeration  Ice            0%         4d7       100%        7


Dungeon Overview and Level Annotations

Branches:
Dungeon (4/15)
 Temple: D:4-7


Innate Abilities, Weirdness & Mutations

You have an increased reservoir of magic. (+10% MP)
You shall have no god before yourself.
Your divine heritage dramatically boosts your attributes as you level up.


Message History

The black bear is heavily wounded.
The black bear bites you but does no damage.
The black bear barely misses you. The black bear claws you.
You hit the black bear.
The black bear is heavily wounded.
You block the black bear's attack.
The black bear claws you but does no damage. x2
The black bear barely misses you. The black bear claws you.
The black bear barely misses you.
You slash the black bear!
The black bear is severely wounded.
The black bear goes berserk!
You hit the black bear.
The black bear is almost dead.
The black bear bites you! You block the black bear's attack.
The black bear barely misses you. The black bear bites you.
* * * LOW HITPOINT WARNING * * *
The black bear claws you but does no damage.
The black bear claws you.
* * * LOW HITPOINT WARNING * * *
You hit the black bear but do no damage.
The black bear is almost dead.
You block the black bear's attack. x2
The black bear claws you but does no damage.
You completely miss the black bear.
The black bear is almost dead.
The black bear bites you but does no damage.
The black bear claws you.
* * * LOW HITPOINT WARNING * * *
The black bear claws you but does no damage.
The black bear bites you!
* * * LOW MAGIC WARNING * * *
* * * LOW HITPOINT WARNING * * *
The black bear claws you but does no damage.
You block the black bear's attack.
You hit the black bear.
The black bear is almost dead.
The black bear bites you but does no damage.
You block the black bear's attack. The black bear claws you.
You die...

# #. #.......#
#.#.###.####..#####
...................
#[...........####.
####...#.#...#
#....).......#
#.##.#.##.#..#
#.##.##.#.......#
#...@...####.####
####h#### .# ....
.# #..... #...$.#
#/....# #.....#
#######


You could see a black bear (berserk).

Vanquished Creatures
  2 adders
  5 orcs
  4 bats
  An endoplasm (D:1)
  A giant cockroach (D:1)
  4 goblins
  7 hobgoblins
  10 jackals
  4 kobolds
  A quokka (D:2)
  5 ball pythons
  2 frilled lizards
  3 rats
49 creatures vanquished.

Notes
Turn   | Place    | Note
-------+----------+-------------------------------------------
     0 | D:1      | lunkers the Demigod Fighter began the quest for the Orb.
     0 | D:1      | Reached XP level 1. HP: 18/18 MP: 3/3
    94 | D:1      | Reached skill level 2 in Long Blades
   266 | D:1      | Reached XP level 2. HP: 14/25 MP: 4/4
   590 | D:2      | Reached skill level 3 in Long Blades
   754 | D:2      | Reached XP level 3. HP: 11/30 MP: 5/5
  1219 | D:3      | You fall into a shaft and drop 1 floor!
  1582 | D:4      | Reached skill level 4 in Long Blades
  1615 | D:4      | Noticed a black bear
  1624 | D:4      | Slain by a black bear

Illustrated notes

Levels and vault maps discovered:
D:1:      lightli_arrival_quake, layout_basic
D:2:      layout_loops_ring
D:3:      layout_basic, marbit_many_paths, mainiacjoe_overflow_tiny_flanked,
          lemuel_coloured_pillars_altar, hellmonk_ecumenical_altar_zigzags
D:4:      layout_loops_cross, mainiacjoe_overflow_alcove_1,
          minmay_misc_feat_encased

Skill      XL: |  1  2  3 |
---------------+----------+-----
Long Blades    | 2 3 4 |  4.0
Fighting       | |  2.6
Armour         | |  2.6
Shields        | |  2.6

Action                     || total
---------------------------++-------
  Melee: Long sword        ||   157
    Use: Scroll            ||     1
 Armour: Scale mail        ||    84
         Plate armour      ||    30
  Dodge: Dodged            ||    88
  Block: Buckler           ||    50

Table legend: (Time is in decaauts)
 A = Elapsed time spent in this place.
 B = Non-inter-level travel time spent in this place.
 C = Inter-level travel time spent in this place.
 D = Time resting spent in this place.
 E = Time spent auto-exploring this place.
 F = Levels seen in this place.
 G = Mean time per level.
                   A        B        C        D        E       F      G
               +--------+--------+--------+--------+--------+-----+--------+
         Total |   1668 |   1652 |     16 |      0 |   1224 |   4 |  417.0 |
       Dungeon |   1668 |   1652 |     16 |      0 |   1224 |   4 |  417.0 |
               +--------+--------+--------+--------+--------+-----+--------+

Top non-repeatable levels by time:
     D:2: 631 daAuts
     D:1: 535 daAuts
     D:3: 342 daAuts
     D:4: 158 daAuts
